 Dungeon Crawl Stone Soup version 0.30-a0-187-gd9c2deaf24 (webtiles) character file.

Game seed: 5166986223054358853

392 KennySheep the Sneak (level 6, 0/35 HPs)
             Began as a Vampire Enchanter on Oct 3, 2022.
             Was an Initiate of Ru.
             Splashed by a jelly's acid (9 damage)
             ... in a sewer.
             The game lasted 00:12:59 (3228 turns).

KennySheep the Sneak (Vampire Enchanter)            Turns: 3228, Time: 00:13:00

Health: 0/35       AC: -5    Str:  7    XL:     6   Next: 50%
Magic:  8/10       EV: 13    Int: 17    God:    Ru [......]
Gold:   1154       SH:  0    Dex: 17    Spells: 8/10 levels left

rFire   . . .      SeeInvis +    w - +3 short sword
rCold   + + .      Faith    .    (no shield)
rNeg    + + +      Spirit   .    b - +0 robe
rPois   ∞          Reflect  .    (no helmet)
rElec   .          Harm     .    (no cloak)
rCorr   .          Rampage  .    d - +0 pair of gloves
Will    +....                    (no boots)
Stlth   ++++++....               (no amulet)
HPRegen 0.00/turn                l - ring of willpower
MPRegen 0.12/turn                (no ring)

@: corroded, bloodless, inhibited regen
A: bloodless, fangs 3, see invisible, vampiric 2
a: Bat Form, Revivify, Renounce Religion


You were in a sewer.
You worshipped Ru.
Ru was noncommittal.
You visited 1 branch of the dungeon, and saw 4 of its levels.
You also visited: Sewer.

You collected 1259 gold pieces.
You spent 105 gold pieces at shops.

Inventory:

Hand Weapons
 a - a +1 dagger
 u - a +1 vampiric dagger
 w - a +3 short sword (weapon)
Armour
 b - a +0 robe (worn)
 d - a +0 pair of gloves (worn)
Magical Staves
 j - a staff of death
Jewellery
 l - a ring of willpower (left hand)
 x - a ring of flight
Wands
 y - a wand of roots (8)
Scrolls
 f - 2 scrolls of teleportation
 g - a scroll of torment
 i - 2 scrolls of brand weapon
 k - a scroll of magic mapping {unknown}
 p - 3 scrolls of fog
 r - a scroll of enchant armour
 s - 2 scrolls of identify
Potions
 c - 2 potions of invisibility
 e - a potion of mutation {unknown}
 h - a potion of cancellation {unknown}
 m - a potion of flight {unknown}
 n - 2 potions of heal wounds {unknown}
 o - a potion of lignification {unknown}
 q - a potion of ambrosia {unknown}
 t - a potion of degeneration {unknown}
 v - a potion of curing {unknown}
 z - a potion of haste {unknown}


   Skills:
 + Level 1.9 Fighting
 * Level 3.6 Short Blades
 + Level 3.2 Dodging
 * Level 6.8 Stealth
 + Level 2.9 Spellcasting
 + Level 5.6 Hexes


You had 8 spell levels left.
You knew the following spells:

 Your Spells              Type           Power      Damage    Failure   Level
a - Ensorcelled Hibernat  Hex/Ice        24%        N/A       9%          2

Your spell library contained the following spells:

 Spells                   Type           Power      Damage    Failure   Level
 Confusing Touch          Hex            21%        N/A       4%          3
 Tukima's Dance           Hex            21%        N/A       4%          3
 Dazzling Flash           Conj/Hex       24%        N/A       17%         3
 Sting                    Tmut/Pois      8%         1d3       19%         1
 Poisonous Vapours        Pois/Air       4%         N/A       26%         2
 Olgreb's Toxic Radiance  Pois           2%         N/A       87%         4


Dungeon Overview and Level Annotations

Branches:
Dungeon (4/15)              Sewer (1/1)
 Temple: D:4-7

Altars:
Ru

Shops:
D:3 *


Innate Abilities, Weirdness & Mutations

You do not regenerate when monsters are visible.
You are frail without blood (-20% HP).
You can heal yourself when you bite living creatures.
You are immune to poison.
You have razor-sharp teeth.
You have supernaturally acute eyesight. (SInv)
You are afflicted with vampirism and can become a bat while bloodless.


Message History

You enter the shallow water.
Moving in this stuff is going to be slow.
z - a ruby potion You enter the shallow water.
Moving in this stuff is going to be slow.
An endoplasm comes into view.
An endoplasm is nearby!
You enter the shallow water.
Moving in this stuff is going to be slow.
A rat comes into view.
The helpless endoplasm fails to defend itself.
You impale the endoplasm!!
You kill the endoplasm!
A rat is nearby!
A jelly comes into view.
You enter the shallow water.
Moving in this stuff is going to be slow.
Found a chain mail.
Found a shimmering altar of Xom.
You enter the shallow water.
Moving in this stuff is going to be slow.
Found a grey potion.
Your unstable footing causes you to fumble your attack.
The helpless rat fails to defend itself.
You bite the rat, and draw its blood! You impale the rat!!
You kill the rat!
The jelly hits you. The acid corrodes you!
You are splashed with acid!
You hit the jelly.
Your hands burn!
You bite the jelly, but do no damage.
The jelly is moderately wounded.
The jelly hits you.
You are splashed with acid!
Casting: Ensorcelled Hibernation (safe; 9% risk of failure)
Confirm with . or Enter, or press ? or * to list all spells.
Aiming: Ensorcelled Hibernation (safe; 9% risk of failure)
Press: ? - help, Shift-Dir - straight line, f - jelly
Aim: a jelly (moderately wounded, chance to affect: 54%)
The jelly resists with significant effort.
The jelly hits you.
* * * LOW HITPOINT WARNING * * *
The acid corrodes you!
You are splashed with acid!
You die...

### #._ ##.[! #...~
#.~..#### ##~~~~~..#
##~~.~~†~~## #~~.
#~J~## #~.# ##@~~#
##..#### ##~.##
##~~~.~~## #.~.## #
#.†~~.†.∩###~.~!# #
#..~###.~.###.~.# #
###~~##.##.~##~~~!#
#
~.~..#...#~~##..~##
#
..~..~##~~~.~##.~##
##..##...##..~##..~#


You could see a jelly.

Vanquished Creatures
  A kobold brigand (D:4)
  An iguana (D:3)
  2 orc wizards (D:3)
  9 adders
  5 river rats
  A worm (D:3)
  A dart slug (D:1)
  12 orcs (D:3)
  5 ball pythons
  13 endoplasms
  5 giant cockroaches
  7 goblins
  11 hobgoblins
  4 jackals (D:1)
  A quokka (D:4)
  2 bats
  10 frilled lizards
  9 kobolds
  10 rats
109 creatures vanquished.

Notes
Turn   | Place    | Note
-------+----------+-------------------------------------------
     0 | D:1      | KennySheep the Vampire Enchanter began the quest for the
                  | Orb.
     0 | D:1      | Reached XP level 1. HP: 13/13 MP: 3/3
   180 | D:1      | Reached XP level 2. HP: 15/15 MP: 5/5
   188 | D:1      | Learned a level 2 spell: Ensorcelled Hibernation
   592 | D:1      | Gained mutation: You are afflicted with vampirism and can
                  | become a bat while bloodless. [Vampire growth]
   592 | D:1      | Reached XP level 3. HP: 19/20 MP: 1/6
  1197 | D:2      | Reached skill level 5 in Stealth
  1357 | D:2      | Reached skill level 1 in Fighting
  1511 | D:2      | Reached XP level 4. HP: 25/25 MP: 7/7
  1597 | D:3      | Found Ruonafuj's Assorted Antiques.
  1612 | D:3      | Bought a scroll of identify for 54 gold pieces
  1612 | D:3      | Bought a scroll labelled HEUP TURYETUSCH for 27 gold pieces
  1612 | D:3      | Bought a fizzy purple potion for 24 gold pieces
  1929 | D:3      | Reached skill level 5 in Hexes
  1936 | D:3      | Reached XP level 5. HP: 29/29 MP: 8/8
  1991 | D:3      | Reached skill level 6 in Stealth
  2288 | D:3      | Found a sacrificial altar of Ru.
  2355 | D:3      | Became a worshipper of Ru the Awakened
  2586 | D:3      | Identified a scroll of acquirement
  2588 | D:3      | Acquired 1050 gold pieces
  2820 | D:4      | Reached XP level 6. HP: 35/35 MP: 10/10
  2975 | D:4      | Found a glowing drain.
  2979 | Sewer    | Entered a sewer
  3222 | Sewer    | Found a shimmering altar of Xom.
  3228 | Sewer    | Splashed by a jelly's acid

Illustrated notes

Levels and vault maps discovered:
D:1:      dpeg_arrival_arbitrary_b, layout_basic, serial_aquarium,
          aquarium_bridge_square [aquarium_subvault_bridge,
          aquarium_subvault_bridge, aquarium_subvault_wall,
          aquarium_subvault_window], aquarium_window_1,
          aquarium_window_corridor_1, aquarium_view_2d, aquarium_pool_2
D:2:      layout_basic
D:3:      layout_loops_corners, mainiacjoe_overflow_alcove_1, serial_shops,
          nicolae_shop_advertising_works [nicolae_subvault_shop_adworks],
          minivault_23, minmay_distorted
D:4:      layout_rooms, lemuel_temple_firewalk_a, gup_sewer_entry_bowl,
          minmay_misc_feat_plants
Sewer:    sewer_hellmonk_slimy_pipes

Skill      XL: |  1  2  3  4  5 |
---------------+----------------+-----
Short Blades   | 2 3 |  3.6
Stealth        | 5 6 |  6.8
Fighting       | 1 |  1.9
Hexes          | 5 |  5.6
Dodging        | 3 |  3.2
Spellcasting   | |  2.9

Action                   |  1- 3 |  4- 6 || total
-------------------------+-------+-------++-------
Melee: Dagger            |    76 |    77 ||   153
       Bite              |     5 |    14 ||    19
       Punch             |     1 |     2 ||     3
       Short sword       |       |    66 ||    66
 Cast: Ensorcelled Hiber |     6 |    19 ||    25
 Abil: Exsanguinate      |     1 |       ||     1
  Use: Scroll            |     3 |     5 ||     8
 Stab: Sleeping          |    28 |    36 ||    64
Armor: Robe              |     6 |    21 ||    27
Dodge: Dodged            |    29 |    80 ||   109

Table legend: (Time is in decaauts)
 A = Elapsed time spent in this place.
 B = Non-inter-level travel time spent in this place.
 C = Inter-level travel time spent in this place.
 D = Time resting spent in this place.
 E = Time spent auto-exploring this place.
 F = Levels seen in this place.
 G = Mean time per level.
                   A        B        C        D        E       F      G
               +--------+--------+--------+--------+--------+-----+--------+
         Total |   3221 |   3051 |    170 |    201 |   2085 |   5 |  644.2 |
       Dungeon |   2961 |   2791 |    170 |    140 |   1997 |   4 |  740.2 |
         Sewer |    260 |    260 |      0 |     61 |     88 |   1 |  260.0 |
               +--------+--------+--------+--------+--------+-----+--------+

Top non-repeatable levels by time:
     D:3: 1200 daAuts
     D:1: 1166 daAuts
     D:2: 394 daAuts
   Sewer: 260 daAuts
     D:4: 200 daAuts
